 Dungeon Crawl Stone Soup version 0.21-a0-442-g848f44b (webtiles) character file.

12859 vineage the Cleaver (level 11, -3/102 HPs)
             Began as a Minotaur Berserker on Nov 15, 2017.
             Was a High Priest of Trog.
             Slain by an ogre
             ... wielding a +0 giant club
              (15 damage)
             ... on level 11 of the Dungeon.
             The game lasted 00:20:07 (10146 turns).

vineage the Cleaver (Minotaur Berserker)           Turns: 10146, Time: 00:20:09

Health: -3/102     AC: 14    Str: 28    XL:     11   Next: 68%
Magic:  10/10      EV: 18    Int:  6    God:    Trog [*****.]
Gold:   589        SH:  0    Dex: 12    Spells: 10/10 levels left

rFire    + + .     SeeInvis .   A - +3 hand axe (holy)
rCold    + . .     Gourm    +   (no shield)
rNeg     . . .     Faith    .   p - +2 ring mail {rF+}
rPois    +         Spirit   .   (helmet restricted)
rElec    .         Reflect  .   Q - scarf {rC+ rF+}
rCorr    .         Harm     .   r - +0 pair of gloves
MR       +++..                  N - +0 pair of boots
Stlth    +.........             E - amulet of the gourmand
HPRegen  1.27/turn              K - +3 ring of evasion
MPRegen  0.12/turn              s - +5 ring of strength

@: about to teleport, berserk cooldown, regenerating, drained
A: retaliatory headbutt, horns 2, yellow scales 1, clever 1, magic resistance 1,
mutation resistance 1, poison resistance
a: Berserk, Trog's Hand, Brothers in Arms, Burn Spellbooks, Renounce Religion


You were on level 11 of the Dungeon.
You worshipped Trog.
Trog was extremely pleased with you.
You were not hungry.

You visited 2 branches of the dungeon, and saw 12 of its levels.

You collected 589 gold pieces.

Inventory:

Hand Weapons
 a - a +1 hand axe
 A - a +3 hand axe of holy wrath (weapon)
 M - the +5 spear of Seylen {freeze, Int+5 Stlth+}
   (You found it on level 9 of the Dungeon)

   It has been specially enchanted to freeze those struck by it, causing extra
   injury to most foes and up to half again as much damage against particularly
   susceptible opponents.
   It can also slow down cold-blooded creatures.
   It affects your intelligence (+5).
   It makes you more stealthy.
Armour
 p - a +2 ring mail of fire resistance (worn)
 r - a +0 pair of gloves (worn)
 N - a +0 pair of boots (worn)
 Q - a scarf of resistance (worn)
Jewellery
 n - an uncursed ring of protection from fire
 s - a +5 ring of strength (right hand)
 E - an amulet of the gourmand (around neck)
 K - a +3 ring of evasion (left hand)
 P - an uncursed amulet of harm
Wands
 b - a wand of paralysis (16/24)
 f - a wand of flame (13/48)
 k - a wand of polymorph (17/24)
 v - a wand of flame (31/48)
 x - a wand of flame (36/48)
 F - a wand of lightning (9/15)
 H - a wand of acid (11/15)
 L - a wand of confusion (39/48)
 R - a wand of acid (4/15)
Scrolls
 d - a scroll of holy word {unknown}
 q - 5 scrolls of remove curse
 B - 2 scrolls of recharging {unknown}
 D - 2 scrolls of immolation {unknown}
 G - 2 scrolls of fog {unknown}
 I - 2 scrolls of fear {unknown}
 J - a scroll of summoning {unknown}
 O - a scroll of enchant weapon
Potions
 e - a potion of brilliance
 g - 2 potions of curing
 i - a potion of might
 j - a potion of lignification
 t - 2 potions of ambrosia
 u - 2 potions of invisibility
 w - a potion of magic
 z - 2 potions of haste
 C - 2 potions of agility
Books
 y - a Young Poisoner's Handbook

   Spells                             Type                      Level
   a - Sting                          Conjuration/Poison           1
   b - Poisonous Vapours              Poison/Air                   2
   c - Mephitic Cloud                 Conjuration/Poison/Air       3
   d - Olgreb's Toxic Radiance        Poison                       4
   e - Venom Bolt                     Conjuration/Poison           5
   Trog disapproves of the use of such an item.
Comestibles
 c - 5 bread rations
 h - 5 royal jellies
 l - 2 meat rations
 o - 28 fruits


   Skills:
 + Level 11.1(10.8) Fighting
 - Level 14.0(13.7) Axes
 + Level 11.5(11.2) Armour
 + Level 7.8(7.5) Dodging


You had 10 spell levels left.
You didn't know any spells.

Dungeon Overview and Level Annotations

Branches:
Dungeon (11/15)            Temple (0/1) D:7            Lair (0/6) D:8
    Orc (1/2) D:11

Altars:
Ashenzari
Cheibriados
Gozag
Nemelex Xobeh
Okawaru
Qazlal
Sif Muna
Xom
Yredelemnul

Shops:
D:5 }   D:11 %


Innate Abilities, Weirdness & Mutations

You reflexively headbutt those who attack you in melee.
You have a pair of horns on your head.
You are partially covered in yellow scales. (AC +2)
Your mind is acute. (Int +2)
You are resistant to hostile enchantments. (MR+)
You are somewhat resistant to further mutation.
Your system is resistant to poisons. (rPois)


Message History

The orc warrior closely misses you. You furiously retaliate!
You headbutt the orc warrior. The ogre completely misses you.
You feel better.
The kobold demonologist looks braver for a moment.
The orc barely misses you.
The orc warrior hits you with a battleaxe!
* * * LOW HITPOINT WARNING * * *
The orc warrior hits you with a halberd.
* * * LOW HITPOINT WARNING * * *
As you read the scroll of teleportation, it crumbles to dust.
You feel strangely unstable. The ogre barely misses you.
You hear a distant blaring wail to the southwest.
The orc closely misses you. The orc warrior closely misses you.
Your skin crawls.
You feel resistant to hostile enchantments.
You feel somewhat more hungry.
The kobold demonologist looks satisfied for a moment.
The orc warrior hits you but does no damage.
The orc completely misses you. The ogre hits you with a giant club!
You die...

#........# ##.####### #..
#.##### #.# #.รท.((#
###.###
#####)######.....####
#(.(((.#.....8.....##.#
####....()#...........#..#
...'..)........Ooo....K.#
####.......8....@....8..#
#.............o.....#
#####+##.)...[.....##
#.##.....8..)..#
#.#####....)#### #.#
###.##.# #.# #....# #.#
####[###### #.# #........#


You could see a kobold demonologist, 2 orc warriors, an ogre and an orc.

Vanquished Creatures
  2 two-headed ogres
  The ghost of p0werm0de the Skirmisher, a novice FoCK of Cheibriados (D:8)
  Pikel (D:7)
  2 ugly things
  Psyche (D:11)
  A gargoyle (D:11)
  2 kobold demonologists (D:11)
  The ghost of p0werm0de the Chopper, an amateur FoCK of Xom (D:4)
  2 trolls
  Grinder (D:4)
  A hornet (D:11)
  A hippogriff (D:7)
  A wraith (D:10)
  7 yaks
  Sigmund (D:4)
  Edmund (D:4)
  Duvessa (D:7)
  3 water moccasins (D:10)
  A porcupine (D:8)
  5 orc warriors
  A slave (D:7)
  3 sky beasts
  6 ice beasts (D:11)
  5 black bears
  3 necrophages
  2 phantoms
  2 ogres
  8 centaurs
  2 crocodiles (D:8)
  3 big kobolds
  A gnoll sergeant (D:9)
  Dowan (D:7)
  3 bullfrogs
  2 scorpions
  7 wights (D:11)
  4 killer bees (D:9)
  A howler monkey (D:5)
  2 crimson imps
  4 hounds
  4 jellies
  8 orc wizards
  6 orc priests
  A bullfrog skeleton (D:5)
  A centaur skeleton (D:5)
  7 worker ants
  2 iguanas
  Natasha (D:3)
  2 hound skeletons
  Robin (D:4)
  A worker ant zombie (D:10)
  11 adders
  8 gnolls
  A howler monkey skeleton (D:2)
  A shadow imp (D:9)
  3 oozes
  2 worms (D:2)
  2 dart slugs (D:1)
  5 leopard geckos
  46 orcs
  A ball python (D:1)
  6 giant cockroaches
  10 goblins
  11 hobgoblins
  12 jackals
  A quokka (D:2)
  7 bats
  4 frilled lizards
  A jackal skeleton (D:6)
  11 kobolds
  A leopard gecko zombie (D:6)
  3 quokka skeletons
  7 rats
  4 fungi (D:8)
288 creatures vanquished.

Vanquished Creatures (others)
  A hound (D:7)
  A fungus (D:8)
2 creatures vanquished.

Grand Total: 290 creatures vanquished

Notes
Turn   | Place    | Note
-------+----------+-------------------------------------------
     0 | D:1      | vineage the Minotaur Berserker began the quest for the Orb.
     0 | D:1      | Reached XP level 1. HP: 19/19 MP: 0/0
    90 | D:1      | Reached skill level 4 in Axes
    97 | D:1      | Reached XP level 2. HP: 24/26 MP: 1/1
   145 | D:1      | HP: 1/26 [kobold/dagger of electrocution (18)]
   675 | D:1      | Reached skill level 5 in Axes
  1098 | D:2      | Reached XP level 3. HP: 25/31 MP: 2/2
  1131 | D:2      | Reached ** piety under Trog
  1376 | D:2      | Reached skill level 6 in Axes
  1376 | D:2      | Reached XP level 4. HP: 37/39 MP: 3/3
  1377 | D:2      | Found an iron altar of Okawaru.
  1526 | D:2      | Gained mutation: You possess an exceptional clarity of mind. [potion of mutation]
  1526 | D:2      | Gained mutation: You are frail. (-10% HP) [potion of mutation]
  1526 | D:2      | Gained mutation: You evolve. [potion of mutation]
  1526 | D:2      | Gained mutation: You are resistant to hostile enchantments. (MR+) [potion of mutation]
  2112 | D:3      | Noticed a centaur
  2118 | D:3      | Killed a centaur
  2118 | D:3      | Reached skill level 7 in Axes
  2118 | D:3      | Reached XP level 5. HP: 12/40 MP: 4/4
  2507 | D:3      | Reached skill level 8 in Axes
  2515 | D:3      | Noticed Natasha
  2529 | D:3      | Killed Natasha
  2616 | D:3      | Reached XP level 6. HP: 45/45 MP: 5/5
  2796 | D:3      | Found a deep blue altar of Sif Muna.
  2970 | D:4      | Noticed Robin
  2981 | D:4      | Killed Robin
  3000 | D:4      | Noticed p0werm0de's ghost (amateur FoCK)
  3017 | D:4      | Killed p0werm0de's ghost
  3017 | D:4      | Reached skill level 9 in Axes
  3017 | D:4      | Reached XP level 7. HP: 51/51 MP: 6/6
  3184 | D:4      | Noticed Sigmund
  3197 | D:4      | Killed Sigmund
  3197 | D:4      | Reached skill level 10 in Axes
  3213 | D:4      | Noticed Edmund
  3225 | D:4      | Killed Edmund
  3282 | D:4      | Noticed Grinder
  3292 | D:4      | Killed Grinder
  3292 | D:4      | Reached skill level 11 in Axes
  3292 | D:4      | Reached XP level 8. HP: 28/57 MP: 7/7
  3904 | D:5      | Entered Level 5 of the Dungeon
  3917 | D:5      | Reached *** piety under Trog
  3917 | D:5      | Reached skill level 12 in Axes
  4005 | D:5      | Reached skill level 13 in Axes
  4128 | D:5      | Found Ciraif's Gadget Emporium.
  4500 | D:6      | Gained mutation: You are highly resistant to hostile enchantments. (MR++) [evolution]
  4500 | D:6      | Lost mutation: You evolve. [end of evolution]
  5057 | D:6      | Reached XP level 9. HP: 16/61 MP: 8/8
  5509 | D:7      | Found a staircase to the Ecumenical Temple.
  5512 | D:7      | Noticed Duvessa
  5514 | D:7      | Noticed Dowan
  5533 | D:7      | Killed Duvessa
  5533 | D:7      | Reached skill level 14 in Axes
  5541 | D:7      | Killed Dowan
  6044 | D:7      | Found a stormy altar of Qazlal.
  6145 | D:7      | Reached skill level 5 in Armour
  6257 | D:7      | Lost mutation: You are frail. (-10% HP) [potion of mutation]
  6257 | D:7      | Lost mutation: You possess an exceptional clarity of mind. [potion of mutation]
  6257 | D:7      | Lost mutation: You are highly resistant to hostile enchantments. (MR++) [potion of mutation]
  6257 | D:7      | Gained mutation: Your system is resistant to poisons. (rPois) [potion of mutation]
  6257 | D:7      | Gained mutation: Your mind is acute. (Int +2) [potion of mutation]
  6260 | D:7      | Noticed Pikel
  6275 | D:7      | Reached skill level 5 in Fighting
  6277 | D:7      | Killed Pikel
  6465 | D:7      | Found a snail-covered altar of Cheibriados.
  6682 | D:8      | Noticed p0werm0de's ghost (novice FoCK)
  6695 | D:8      | Killed p0werm0de's ghost
  6720 | D:8      | Found a sparkling altar of Nemelex Xobeh.
  6824 | D:8      | Reached XP level 10. HP: 76/81 MP: 9/9
  6899 | D:8      | Noticed a two-headed ogre
  6908 | D:8      | Killed a two-headed ogre
  6970 | D:8      | Found a staircase to the Lair.
  6983 | D:8      | Reached **** piety under Trog
  7297 | D:9      | Reached skill level 5 in Dodging
  7325 | D:9      | Gained mutation: You are partially covered in yellow scales. (AC +2) [mutagenic meat]
  7326 | D:9      | Gained mutation: You are surrounded by a mild repulsion field. (EV +2) [mutagenic meat]
  7327 | D:9      | Lost mutation: You are surrounded by a mild repulsion field. (EV +2) [mutagenic meat]
  7328 | D:9      | Gained mutation: You are somewhat resistant to further mutation. [mutagenic meat]
  7401 | D:9      | HP: 4/90 [yak (3)]
  7403 | D:9      | Reached skill level 10 in Armour
  7761 | D:9      | Found a shimmering altar of Xom.
  7768 | D:9      | Found a shattered altar of Ashenzari.
  7769 | D:9      | Found a basalt altar of Yredelemnul.
  7872 | D:9      | Noticed a green ugly thing
  7882 | D:9      | Killed a green ugly thing
  7913 | D:9      | Reached XP level 11. HP: 42/97 MP: 10/10
  7967 | D:9      | Got a smoking spear
  7968 | D:9      | Identified the +5 spear of Seylen {freeze, Int+5 Stlth+} (You found it on level 9 of the Dungeon)
  8253 | D:10     | Entered Level 10 of the Dungeon
  8306 | D:10     | Found an opulent altar of Gozag.
  8367 | D:10     | Noticed a two-headed ogre
  8379 | D:10     | Killed a two-headed ogre
  8695 | D:10     | Reached skill level 10 in Fighting
  8869 | D:11     | Found a frozen archway.
  8877 | D:11     | Noticed a cyan ugly thing
  8886 | D:11     | Received a gift from Trog
  8907 | D:11     | Killed a cyan ugly thing
  8922 | D:11     | Noticed a sun demon
  8929 | D:11     | Noticed a soul eater
  8940 | D:11     | Noticed a soul eater
  9331 | D:11     | Reached ***** piety under Trog
  9339 | D:11     | Found a staircase to the Orcish Mines.
  9632 | D:11     | Noticed Psyche
  9642 | D:11     | Killed Psyche
  9795 | D:11     | Found Dura's Food Boutique.
 10063 | Orc:1    | Entered Level 1 of the Orcish Mines
 10133 | Orc:1    | Received a gift from Trog
 10146 | D:11     | Slain by an ogre

Vault maps used:
D:1:      nzn_arrival_settlement
D:2:      nicolae_overflow_crystal_walls, kennysheep_generic_room_4
D:3:      tgw_sif, uniq_natasha, uniq_crazy_yiuf_cottage
D:4:      kennysheep_six_static_rooms, first_bread, uniq_grinder, uniq_robin,
          uniq_sigmund, uniq_edmund
D:5:      serial_shops, shop
D:7:      kennysheep_mini, minmay_temple_entry_mist, grunt_qazlal_clouds,
          uniq_pikel, uniq_duvessa
D:8:      due_lair_maze_entry_diamond, basic_altar
D:9:      minitemple
D:10:     blue_anna_alchemist, grunt_gozag_statues
D:11:     david_orc_2, portal_ice_cave_entry_ice_beasts, serial_shops,
          nicolae_shop_trees, uniq_psyche
Orc:1:    enter_bailey_3

Skill      XL: |  1  2  3  4  5  6  7  8  9 10 11 |
---------------+----------------------------------+-----
Axes           | 4 5 6 7 8 9 11 13 14 | 14.0
Armour         | 7 10 11 | 11.5
Fighting       | 6 9 11 | 11.1
Dodging        | 4 5 7 |  7.8

Action                   |  1- 3 |  4- 6 |  7- 9 | 10-12 || total
-------------------------+-------+-------+-------+-------++-------
Melee: Hand axe          |    62 |    94 |   249 |   430 ||   835
       Headbutt          |    13 |    20 |    54 |   117 ||   204
Invok: Trog's Hand       |     1 |     3 |     3 |     5 ||    12
       Berserk           |       |     3 |     3 |     4 ||    10
       Burn Spellbooks   |       |       |       |     1 ||     1
  Use: Scroll            |     1 |     5 |     4 |     9 ||    19
       Potion            |       |     1 |     3 |     8 ||    12
  Eat: Chunk             |     1 |     4 |     9 |    25 ||    39
       Meat ration       |       |     1 |     1 |       ||     2
       Fruit             |       |       |     1 |     5 ||     6
Armor: Animal skin       |    13 |       |       |       ||    13
       Chain mail        |    19 |     4 |       |       ||    23
       Ring mail         |       |    31 |    55 |    95 ||   181
       Skin              |       |       |       |    32 ||    32
Dodge: Dodged            |    59 |    38 |    92 |   207 ||   396

Table legend:
 A = Spawn XP
 B = Non-spawn XP
 C = Spawn XP percentage of total XP
 D = Spawn monster count
 E = Non-spawn monster count
 F = Spawn count percentage of total count
 G = Total turns spent on level
                    A         B        C        D         E        F      G
               +---------+---------+-------+---------+---------+-------+---------
         Total |       0 |   18371 |   0.0 |       0 |     283 |   0.0 | 10146
               +---------+---------+-------+---------+---------+-------+---------
           D:1 |       0 |      38 |   0.0 |       0 |      21 |   0.0 |  1075
           D:2 |       0 |      97 |   0.0 |       0 |      23 |   0.0 |   922
           D:3 |       0 |     247 |   0.0 |       0 |      26 |   0.0 |   860
           D:4 |       0 |    1270 |   0.0 |       0 |      23 |   0.0 |  1047
           D:5 |       0 |     746 |   0.0 |       0 |      25 |   0.0 |   516
           D:6 |       0 |     490 |   0.0 |       0 |      16 |   0.0 |  1075
           D:7 |       0 |    1842 |   0.0 |       0 |      19 |   0.0 |  1167
           D:8 |       0 |    2895 |   0.0 |       0 |      16 |   0.0 |   573
           D:9 |       0 |    3663 |   0.0 |       0 |      38 |   0.0 |  1018
          D:10 |       0 |    2354 |   0.0 |       0 |      17 |   0.0 |   614
          D:11 |       0 |    3943 |   0.0 |       0 |      45 |   0.0 |  1200
         Orc:1 |       0 |     786 |   0.0 |       0 |      14 |   0.0 |    79
               +---------+---------+-------+---------+---------+-------+---------
